 Dungeon Crawl Stone Soup version 0.25.0-26-g0c896c7088 (webtiles) character file.

Game seed: 10908875436436475988

1431 xccam the Grappler (level 8, -2/63 HPs)
             Began as a Black Draconian Transmuter on July 1, 2020.
             Was an Initiate of Vehumet.
             Slain by an ogre
             ... wielding a +0 giant club
              (5 damage)
             ... on level 7 of the Dungeon.
             The game lasted 00:09:15 (5125 turns).

xccam the Grappler (Black Draconian Transmuter)     Turns: 5125, Time: 00:09:16

Health: -2/63      AC: 10    Str: 14    XL:     8   Next: 45%
Magic:  11/12      EV: 14    Int: 14    God:    Vehumet [......]
Gold:   280        SH:  0    Dex: 12    Spells: 9/13 levels left

rFire    . . .     SeeInvis .     - Unarmed
rCold    . . .     Gourm    .   (no shield)
rNeg     . . .     Faith    .   (armour unavailable)
rPois    .         Spirit   .   (helmet restricted)
rElec    +         Reflect  .   (no cloak)
rCorr    .         Harm     .   (no gloves)
MR       .....                  (no boots)
Stlth    +.........             h - amulet of regeneration
HPRegen  0.60/turn              m - +4 ring of protection
MPRegen  0.13/turn              (no ring)

@: short of breath, appendage, flying
A: breathe lightning, unfitting armour, horns 2, electricity resistance,
cold-blooded, AC +6
a: Breathe Lightning, End Transformation, Renounce Religion


You were on level 7 of the Dungeon.
You worshipped Vehumet.
Vehumet was noncommittal.
You were near starving.
You had grown temporary horns.
You visited 2 branches of the dungeon, and saw 8 of its levels.

You collected 280 gold pieces.

Inventory:

Missiles
 a - 65 arrows
Jewellery
 h - an amulet of regeneration (around neck)
 m - a +4 ring of protection (left hand)
Scrolls
 b - 8 scrolls of amnesia {unknown}
 d - a scroll of random uselessness {unknown}
 e - 9 scrolls of identify {unknown}
 f - a scroll of fear {unknown}
 g - a scroll of remove curse {unknown}
 j - 3 scrolls of teleportation {unknown}
 o - a scroll of blinking {unknown}
 s - a scroll of immolation {unknown}
Potions
 k - a potion of cancellation {unknown}
 l - a potion of magic
 n - a potion of flight
 p - a potion of invisibility {unknown}
 q - a potion of lignification {unknown}
 r - 2 potions of brilliance {unknown}
 t - a potion of curing {unknown}
Comestibles
 c - 17 rations


   Skills:
 - Level 3.0 Fighting
 - Level 5.0 Dodging
 + Level 8.2 Unarmed Combat
 - Level 3.0 Spellcasting
 - Level 4.0 Transmutations


You had 9 spell levels left.
You knew the following spells:

 Your Spells              Type           Power        Failure   Level  Hunger
a - Beastly Appendage     Tmut           ##....       4%          1    #......
b - Sticks to Snakes      Tmut           ##......     6%          2    ##.....
c - Foxfire               Conj/Fire      #...         22%         1    #......

Your spell library contained the following spells:

 Spells                   Type           Power        Failure   Level  Hunger
 Spider Form              Tmut/Pois      #.........   28%         3    ###....
 Conjure Flame            Conj/Fire      #.......     54%         3    ###....
 Inner Flame              Hex/Fire       #.......     54%         3    ###....
 Ice Form                 Ice/Tmut       #.......     67%         4    #####..
 Blade Hands              Tmut           ##........   75%         5    ######.
 Sticky Flame             Conj/Fire      #.......     91%         4    #####..
 Fireball                 Conj/Fire      #.........   99%         5    ######.


Dungeon Overview and Level Annotations

Branches:
Dungeon (7/15)             Temple (1/1) D:5

Altars:
Ashenzari
Cheibriados
Dithmenos
Elyvilon
Fedhas
Gozag
Hepliaklqana
Kikubaaqudgha
Makhleb
Nemelex Xobeh
Okawaru
Qazlal
Ru
Sif Muna
Trog
Uskayaw
Vehumet
Wu Jian
Xom
Yredelemnul
Zin
The Shining One


Innate Abilities, Weirdness & Mutations

You can breathe wild blasts of lightning.
Your glossy black scales are hard. (AC +6)
You cannot fit into any form of body armour.
You are resistant to electric shocks. (rElec)
You are cold-blooded and may be slowed by cold attacks.
You have a pair of horns on your head.


Message History

The orb of electricity engulfs the ogre!
The ogre is heavily wounded.
The orb of electricity engulfs you! You resist.
The orb of electricity engulfs the black bear!!
You kill the black bear!
Vehumet accepts your kill.
Your Unarmed Combat skill increases to level 8!
The orb of electricity explodes!
The orb of electricity engulfs the ogre!
The ogre is almost dead.
You are near starving!
You hear a shout!
The orc warrior hits you from afar with a +0 glaive!!
The orc warrior hits you with a +0 glaive!!
* * * LOW HITPOINT WARNING * * *
Unknown command.
It was a potion of flight.
You feel very buoyant.
You fly up into the air.
The ogre hits you with a +0 giant club.
You die...

#. #..> ... ....
... .........
....... ...
...... #... #.
.. ......
...##..
......###.......
.........†>.....
...s........).
#.)oO.......
#..@........
###)<##..#.
#...# ###.. ##..
#.# ##


You could see an orc warrior, an ogre and a giant cockroach.

Vanquished Creatures
  Grinder (D:3)
  Eustachio (D:4)
  An orc warrior (D:6)
  A black bear (D:7)
  2 ice beasts
  An ogre (D:5)
  A centaur (D:5)
  A water moccasin zombie (D:7)
  A quasit (D:6)
  4 orc priests
  3 hounds
  An orc wizard (D:6)
  An iguana (D:6)
  2 worker ants
  A hound skeleton (D:5)
  8 adders
  A shadow imp (D:5)
  2 adder skeletons (D:5)
  An adder zombie (D:6)
  5 worms
  2 dart slugs
  3 leopard geckos
  5 orcs
  A ball python (D:4)
  2 giant cockroaches
  2 goblins
  5 hobgoblins
  4 jackals (D:1)
  2 quokkas
  9 bats
  6 frilled lizards
  6 kobolds
  2 leopard gecko skeletons
  A leopard gecko zombie (D:7)
  A quokka skeleton (D:5)
  6 rats
96 creatures vanquished.

Notes
Turn   | Place    | Note
-------+----------+-------------------------------------------
     0 | D:1      | xccam the Draconian Transmuter began the quest for the Orb.
     0 | D:1      | Reached XP level 1. HP: 16/16 MP: 3/3
   267 | D:1      | Reached XP level 2. HP: 17/23 MP: 5/5
  1086 | D:2      | Reached skill level 4 in Unarmed Combat
  1107 | D:2      | Reached XP level 3. HP: 14/28 MP: 6/6
  1274 | D:2      | Learned a level 2 spell: Sticks to Snakes
  1685 | D:3      | Noticed Grinder
  1695 | D:3      | Killed Grinder
  1695 | D:3      | Reached skill level 6 in Unarmed Combat
  1695 | D:3      | Reached XP level 4. HP: 6/35 MP: 5/7
  1695 | D:3      | Reached XP level 5. HP: 7/40 MP: 5/8
  1786 | D:3      | Reached XP level 6. HP: 47/47 MP: 7/9
  2413 | D:4      | Reached skill level 7 in Unarmed Combat
  2524 | D:4      | Noticed Eustachio
  2573 | D:4      | Killed Eustachio
  2801 | D:4      | Your scales start taking on a glossy black colour.
  2801 | D:4      | Reached XP level 7. HP: 57/57 MP: 10/10
  2801 | D:4      | Gained mutation: You are resistant to electric shocks.
                  | (rElec) [Black Draconian growth]
  3403 | D:5      | Entered Level 5 of the Dungeon
  3474 | D:5      | Found an iron altar of Okawaru.
  3615 | D:5      | Reached skill level 5 in Dodging
  3821 | D:5      | Found a staircase to the Ecumenical Temple.
  3924 | Temple   | Entered the Ecumenical Temple
  3972 | Temple   | Became a worshipper of Vehumet
  4172 | D:6      | Reached XP level 8. HP: 13/63 MP: 5/12
  4462 | D:6      | Learned a level 1 spell: Foxfire
  5123 | D:7      | Reached skill level 8 in Unarmed Combat
  5124 | D:7      | HP: 2/63 [orc warrior/+0 glaive (19)]
  5125 | D:7      | Slain by an ogre

Illustrated notes

Levels and vault maps discovered:
D:1:      nicolae_arrival_somewhat_less_tricky_arrival, layout_basic,
          hex_medium, minivault_11, minmay_tetromino_t4
D:2:      layout_rooms
D:3:      layout_loops_corners, kennysheep_path_1, grunt_ministairs_11,
          minivault_4, serial_bayou_crossing, uniq_grinder
D:4:      layout_basic, uniq_eustachio
D:5:      layout_cave_pools, okawaru_gym_becter, temple_hall, first_ration
D:6:      layout_layer_cave
D:7:      layout_cave_pools, basic_altar, dk_noncrumbling_4, uniq_maggie
Temple:   compressed_dpeg_circular_temple

Skill      XL: |  1  2  3  4  5  6  7  8 |
---------------+-------------------------+-----
Unarmed Combat | 4 6 7 8 |  8.2
Dodging        | 3 5 |  5.0
Fighting       | 3 |  3.0
Spellcasting   | 3 |  3.0
Transmutations | 3 4 |  4.0

Action                   |  1- 3 |  4- 6 |  7- 9 || total
-------------------------+-------+-------+-------++-------
Melee: Unarmed           |   155 |    74 |   194 ||   423
       Tailslap          |     9 |     8 |    28 ||    45
       Punch             |     3 |     1 |     4 ||     8
       Headbutt          |     3 |     1 |     1 ||     5
       Kick              |       |     4 |     5 ||     9
 Cast: Beastly Appendage |     3 |     4 |     4 ||    11
       Sticks to Snakes  |       |     2 |     5 ||     7
 Abil: Breathe Lightning |       |       |     1 ||     1
  Use: Potion            |     1 |     2 |     1 ||     4
 Stab: Sleeping          |     1 |       |       ||     1
  Eat: Chunk             |     3 |     4 |     6 ||    13
Armor: Skin              |    66 |    40 |    58 ||   164
Dodge: Dodged            |   130 |    76 |   149 ||   355
